 Dungeon Crawl Stone Soup version 0.19.4-8-ga85b6b9 (webtiles) character file.

3955 theRoog the Cleaver (level 10, -1/133 HPs)
             Began as a Minotaur Berserker on Feb 6, 2017.
             Was a High Priest of Trog.
             Succumbed to a killer bee's poison
             ... on level 8 of the Dungeon.
             The game lasted 00:11:32 (5714 turns).

theRoog the Cleaver (Minotaur Berserker)            Turns: 5714, Time: 00:11:32

Health: -1/133     AC: 10    Str: 30    XL:     10   Next: 2%
Magic:  18/18      EV: 13    Int:  4    God:    Trog [*****.]
Gold:   357        SH:  0    Dex: 10    Spells: 0 memorised, 9 levels left

rFire  . . .     SeeInvis .     z - +0 hand axe
rCold  + + .     Gourm    .     E - +4 ring mail "Miwekhli" {*Drain rC+ rCorr}
rNeg   . . .     Faith    .     (no shield)
rPois  .         Spirit   .     (helmet restricted)
rElec  .         Reflect  .     (no cloak)
rCorr  +         Harm     .     (no gloves)
MR     .....                    (no boots)
Stlth  ..........               m - amulet of magic regeneration (curse)
                                H - ring of protection from cold
                                N - ring of magical power

@: berserking, lethally poisoned (-1 -> -30), very quick
A: retaliatory headbutt, horns 2
a: Berserk, Trog's Hand, Brothers in Arms, Burn Spellbooks, Renounce Religion


You were on level 8 of the Dungeon.
You worshipped Trog.
Trog was extremely pleased with you.
You were very hungry.

You visited 1 branch of the dungeon, and saw 8 of its levels.

You collected 357 gold pieces.

Inventory:

Hand Weapons
 a - a +0 spear
 i - a +2 vampiric short sword
 t - a +0 halberd of chopping
 z - a +0 hand axe (weapon)
Armour
 b - a +0 animal skin
 k - a +0 plate armour
 E - the +4 ring mail "Miwekhli" (worn) {*Drain rC+ rCorr}
   (You found it on level 5 of the Dungeon)

   It protects you from cold.
   It protects you from acid and corrosion.
   It causes draining when unequipped.
Magical Staves
 R - an uncursed staff of poison {unknown}
Jewellery
 l - an uncursed amulet of the gourmand {unknown}
 m - a cursed amulet of magic regeneration (around neck)
 y - an uncursed ring of ice
 H - a ring of protection from cold (right hand)
 N - a ring of magical power (left hand)
Wands
 o - a wand of lightning (10/15)
 s - a wand of flame (24/48)
 v - a wand of acid (8/15)
 x - a wand of disintegration (8/24)
 G - a wand of iceblast (6/15)
 L - a wand of paralysis (13/24)
 M - a wand of flame (12/48)
 Q - a wand of lightning (4/15)
 S - a wand of flame (36/48)
Scrolls
 e - 8 scrolls of identify
 f - 3 scrolls of immolation
 q - 2 scrolls of blinking {unknown}
 r - 2 scrolls of fog {unknown}
 u - a scroll of enchant weapon {unknown}
 w - 2 scrolls of fear {unknown}
 A - a scroll of random uselessness {unknown}
 C - 3 scrolls of magic mapping
 F - 3 scrolls of remove curse {unknown}
 I - a scroll of enchant armour {unknown}
 J - a scroll of noise {unknown}
 O - a scroll of holy word {unknown}
 T - a scroll of vulnerability {unknown}
Potions
 d - 2 potions of heal wounds {unknown}
 h - 5 potions of curing
 j - a potion of flight {unknown}
 n - 2 potions of resistance {unknown}
 p - a potion of lignification {unknown}
 B - a potion of degeneration {unknown}
 D - a potion of cancellation {unknown}
 K - a potion of invisibility {unknown}
Comestibles
 c - 4 bread rations
 g - a beef jerky
 P - 7 fruits


   Skills:
 + Level 8.3 Fighting
 + Level 9.8(11.0) Axes
 + Level 8.3(10.3) Polearms
 + Level 8.0 Armour
 + Level 5.2 Dodging
 + Level 1.1 Stealth


You had 9 spell levels left.
You didn't know any spells.

Dungeon Overview and Level Annotations

Branches:
Dungeon (8/15)             Temple (0/1) D:4
   Lair: D:8-11

Altars:
Dithmenos
Makhleb
Qazlal
Uskayaw
Vehumet
Yredelemnul

Shops:
D:6 =


Innate Abilities, Weirdness & Mutations

You reflexively headbutt those who attack you in melee.
You have a pair of horns on your head.


Message History

Your Armour skill increases to level 8!
You have reached level 10!
* * * LOW HITPOINT WARNING * * *
You feel sick.
The killer bee stings you but does no damage.
The killer bee closely misses you. You furiously retaliate!
You headbutt the killer bee!
You kill the killer bee!
Trog accepts your kill. The killer bee stings you!
* * * LOW HITPOINT WARNING * * *
Unknown command.
You barely miss the killer bee.
* * * LOW HITPOINT WARNING * * *
You feel sick. The killer bee stings you.
* * * LOW HITPOINT WARNING * * *
You are more poisoned.
The killer bee poisons you!
You miss the killer bee. You barely miss the killer bee.
You die...

##.##### #........
#..#### #........
#...(.# #........
#.....# #........
#.....# ###........
#.....# #..........
#.....###.######+##
#............###
.......####.†@†.>#
##....## ###yy#.#
##..# .y.# # #.#
%##.# #. %# .# # .#
.# %# .# .# .#


You could see 3 killer bees.

Vanquished Creatures
  Pikel (D:7)
  Joseph (D:7)
  The ghost of HeyBub the Sneak, a novice OpAs (D:6)
  A queen bee (D:8)
  2 orc warriors
  A black bear (D:7)
  A slave (D:7)
  A sky beast (D:5)
  An ogre (D:6)
  A phantom (D:7)
  3 centaurs
  2 bullfrogs (D:6)
  4 scorpions
  9 killer bees (D:8)
  A howler monkey (D:5)
  2 crimson imps
  A bullfrog zombie (D:5)
  9 hounds
  5 orc wizards
  A gnoll shaman (D:3)
  A bullfrog skeleton (D:8)
  A jelly (D:8)
  A centaur skeleton (D:4)
  2 iguanas (D:5)
  6 worker ants
  A hound zombie (D:7)
  2 hound skeletons
  Robin (D:2)
  13 gnolls
  9 adders
  A shadow imp (D:5)
  An ooze (D:4)
  3 adder skeletons
  2 adder zombies
  2 worms
  2 dart slugs (D:1)
  4 leopard geckos
  19 orcs
  10 giant cockroaches
  14 goblins
  9 hobgoblins
  6 jackals
  A quokka (D:7)
  2 ball pythons
  6 bats
  6 frilled lizards
  A jackal zombie (D:7)
  10 kobolds
  A leopard gecko skeleton (D:5)
  8 rats
193 creatures vanquished.

Vanquished Creatures (others)
  A hound (D:7)
  An adder (D:7)
  4 jackals (D:7)
6 creatures vanquished.

Grand Total: 199 creatures vanquished

Notes
Turn   | Place    | Note
-------+----------+-------------------------------------------
     0 | D:1      | theRoog the Minotaur Berserker began the quest for the Orb.
     0 | D:1      | Reached XP level 1. HP: 19/19 MP: 0/0
   136 | D:1      | Reached XP level 2. HP: 17/27 MP: 1/1
   676 | D:2      | Reached ** piety under Trog
   676 | D:2      | Reached XP level 3. HP: 33/33 MP: 2/2
   745 | D:2      | Noticed Robin
   777 | D:2      | Killed Robin
  1153 | D:2      | Reached XP level 4. HP: 41/41 MP: 3/3
  1236 | D:2      | Reached skill level 5 in Polearms
  1588 | D:3      | Reached *** piety under Trog
  1744 | D:3      | Reached XP level 5. HP: 47/47 MP: 4/4
  1766 | D:3      | Reached skill level 5 in Fighting
  2096 | D:3      | Reached XP level 6. HP: 56/56 MP: 5/5
  2316 | D:4      | Reached **** piety under Trog
  2395 | D:4      | Found a basalt altar of Yredelemnul.
  2470 | D:4      | Reached XP level 7. HP: 57/61 MP: 6/6
  2557 | D:4      | Found a staircase to the Ecumenical Temple.
  2707 | D:5      | Entered Level 5 of the Dungeon
  2818 | D:5      | Reached skill level 5 in Armour
  2837 | D:5      | Reached skill level 1 in Axes
  2959 | D:5      | Got a spiked ring mail
  2970 | D:5      | Identified the +4 ring mail "Miwekhli" {*Drain rC+ rCorr} (You found it on level 5 of the Dungeon)
  2987 | D:5      | Reached skill level 2 in Axes
  3023 | D:5      | Found a shadowy altar of Dithmenos.
  3044 | D:5      | Reached skill level 3 in Axes
  3077 | D:5      | Reached XP level 8. HP: 40/70 MP: 7/7
  3079 | D:5      | Found a radiant altar of Vehumet.
  3417 | D:5      | Reached skill level 4 in Axes
  3478 | D:6      | Noticed HeyBub's ghost (novice OpAs)
  3495 | D:6      | Killed HeyBub's ghost
  3495 | D:6      | Reached ***** piety under Trog
  3495 | D:6      | Reached skill level 5 in Axes
  3505 | D:6      | Found a hide-covered altar of Uskayaw.
  3663 | D:6      | Found a stormy altar of Qazlal.
  3664 | D:6      | Noticed an air elemental
  3720 | D:6      | Reached skill level 6 in Axes
  3877 | D:6      | Found Pestyimo's Jewellery Shop.
  4295 | D:6      | Reached skill level 7 in Axes
  4389 | D:6      | Reached XP level 9. HP: 55/78 MP: 8/8
  4455 | D:7      | Noticed Pikel
  4468 | D:7      | Killed Pikel
  4468 | D:7      | Reached skill level 1 in Stealth
  4489 | D:7      | Found a burning altar of Makhleb.
  4616 | D:7      | Reached skill level 8 in Axes
  4821 | D:7      | Noticed Joseph
  4835 | D:7      | HP: 5/118 [Joseph/enchanted hunting sling (12)]
  4839 | D:7      | Killed Joseph
  4839 | D:7      | Reached skill level 9 in Axes
  5498 | D:8      | Reached skill level 5 in Dodging
  5692 | D:8      | Noticed a queen bee
  5712 | D:8      | Killed a queen bee
  5712 | D:8      | Reached XP level 10. HP: 13/88 MP: 9/9
  5712 | D:8      | HP: 4/133 [killer bee (7)]
  5713 | D:8      | HP: 1/133 [killer bee (2)]
  5714 | D:8      | Succumbed to a killer bee's poison

Skill      XL: |  1  2  3  4  5  6  7  8  9 |
---------------+----------------------------+-----
Polearms       | 4 5 6 7 8 |  8.3
Fighting       | 4 5 6 8 |  8.3
Armour         | 3 4 5 6 8 |  8.0
Axes           | 3 7 9 |  9.8
Dodging        | 4 5 |  5.2
Stealth        | 1 |  1.1

Action                   |  1- 3 |  4- 6 |  7- 9 | 10-12 || total
-------------------------+-------+-------+-------+-------++-------
Melee: Spear             |   133 |   106 |       |       ||   239
       Headbutt          |    13 |    23 |    83 |       ||   119
       Halberd           |       |    72 |     6 |       ||    78
       Hand axe          |       |       |   382 |     2 ||   384
Invok: Burn Spellbooks   |       |     1 |     1 |       ||     2
       Berserk           |       |       |     2 |       ||     2
  Use: Scroll            |       |     3 |       |       ||     3
  Eat: Bread ration      |       |     1 |     2 |       ||     3
       Royal jelly       |       |       |     1 |       ||     1
       Beef jerky        |       |       |     1 |       ||     1
Armor: Animal skin       |     2 |       |       |       ||     2
       Plate armour      |    32 |   109 |    38 |       ||   179
       Ring mail         |       |       |   131 |     1 ||   132
Dodge: Dodged            |    39 |    55 |   207 |     1 ||   302
